 Dungeon Crawl Stone Soup version 0.21-a0-625-g1119ec1 (webtiles) character file.

24794 Lavandula the Slicer (level 12, -1/86 HPs)
             Began as a Mummy Chaos Knight on Dec 23, 2017.
             Killed from afar by a lindwurm (18 damage)
             ... with a blast of flame
             ... on level 6 of the Lair of Beasts on Dec 24, 2017.
             The game lasted 00:49:38 (16696 turns).

Lavandula the Slicer (Mummy Chaos Knight)          Turns: 16696, Time: 00:49:40

Health: -1/86      AC: 13    Str: 18    XL:     12   Next: 83%
Magic:  19/22      EV: 17    Int: 13    God:    Xom [......]
Gold:   1051       SH:  6    Dex: 16    Spells: 13/25 levels left

rFire    x x .     SeeInvis .   p - +6 dagger (elec)
rCold    + + +     Gourm    .   m - +0 buckler
rNeg     + + +     Faith    .   b - +2 leather armour
rPois    ∞         Spirit   .   s - +1 helmet "Jiwumpil" {MR+}
rElec    .         Reflect  .   C - +1 cloak
rCorr    .         Harm     .   x - +2 pair of gloves
MR       ++...                  (no boots)
Stlth    ++........             o - amulet "Unnuxau" {RegenMP rPois rC+ Str+2 Dex+2}
HPRegen  0.24/turn              i - +1 ring of protection
MPRegen  0.43/turn              I - ring of ice

@: no status effects
A: no food or potions, fire vulnerability, cold resistance 1, negative energy
resistance 3, torment resistance, unbreathing
a: Renounce Religion


You were on level 6 of the Lair of Beasts.
You worshipped Xom.
You were a very special plaything of Xom.
You were not hungry.

You visited 2 branches of the dungeon, and saw 16 of its levels.

You collected 1208 gold pieces.
You spent 157 gold pieces at shops.

Inventory:

Hand Weapons
 a - a +0 short sword of chaos
 e - a +2 dagger of venom
 f - a +4 short sword of chaos
 g - a +1 short sword of venom
 p - a +6 dagger of electrocution (weapon)
 D - a +1 scimitar of flaming
Missiles
 q - 10 tomahawks (quivered)
 B - a throwing net
Armour
 b - a +2 leather armour (worn)
 m - a +0 buckler (worn)
 s - the +1 helmet "Jiwumpil" (worn) {MR+}
   (You found it on level 4 of the Dungeon)

   It affects your resistance to hostile enchantments.
 x - a +2 pair of gloves (worn)
 A - a +0 ring mail of magic resistance
 C - a +1 cloak (worn)
 J - a +3 ring mail of poison resistance
 N - a +2 robe of cold resistance
Jewellery
 i - a +1 ring of protection (left hand)
 o - the amulet "Unnuxau" (around neck) {RegenMP rPois rC+ Str+2 Dex+2}
   (Xom gifted it to you on level 2 of the Dungeon)

   [amulet of magic regeneration]

   It increases your magic regeneration.
   It affects your strength (+2).
   It affects your dexterity (+2).
   It protects you from cold.
   It protects you from poison.
 v - an uncursed ring of stealth
 I - a ring of ice (right hand)
 M - an uncursed ring of ice
Wands
 t - a wand of iceblast (2)
 w - a wand of polymorph (3)
 z - a wand of disintegration (11)
 E - a wand of digging (17)
 F - a wand of random effects (18)
 P - a wand of scattershot (4)
 Q - a wand of flame (19)
Scrolls
 d - 3 scrolls of teleportation
 h - a scroll of blinking
 j - 2 scrolls of magic mapping
 l - 2 scrolls of fog
 n - a scroll of amnesia
 r - 10 scrolls of remove curse
 y - 2 scrolls of silence
 G - a scroll of immolation
 K - a scroll of torment
 L - a scroll of vulnerability
 O - 3 scrolls of identify
Books
 c - a book of Minor Magic

   Spells                             Type                      Level
   a - Magic Dart                     Conjuration                  1
   b - Blink                          Translocation                2
   c - Call Imp                       Summoning                    2
   d - Slow                           Hexes                        2
   e - Conjure Flame                  Conjuration/Fire             3
   f - Mephitic Cloud                 Conjuration/Poison/Air       3
 k - Sif Muna's Tome of Summoning
   (You found it on level 2 of the Dungeon)

   Spells                             Type                      Level
   a - Summon Small Mammal            Summoning                    1
 u - a book of Cantrips

   Spells                             Type                      Level
   a - Confusing Touch                Hexes                        1
   b - Animate Skeleton               Necromancy                   1
   c - Summon Small Mammal            Summoning                    1
   d - Apportation                    Translocation                1
 S - a book of Changes

   Spells                             Type                      Level
   a - Beastly Appendage              Transmutation                1
   b - Sticks to Snakes               Transmutation                2
   c - Spider Form                    Transmutation/Poison         3
   d - Ice Form                       Ice/Transmutation            4
   e - Blade Hands                    Transmutation                5
Miscellaneous
 H - a lamp of fire
 R - a phial of floods


   Skills:
 - Level 5.0 Fighting
 - Level 9.0 Short Blades
 - Level 1.5 Armour
 - Level 7.3 Dodging
 + Level 1.2 Stealth
 - Level 6.0 Shields
 - Level 7.0 Spellcasting
 - Level 4.9 Conjurations
 - Level 3.4 Summonings
 - Level 5.6 Translocations
 - Level 3.0 Fire Magic
 - Level 4.1 Air Magic
 - Level 3.3 Poison Magic
 - Level 4.6 Evocations


You had 13 spell levels left.
You knew the following spells:

 Your Spells              Type           Power        Failure   Level  Hunger
a - Blink                 Tloc           N/A          2%          2    N/A
b - Call Imp              Summ           ##......     7%          2    N/A
c - Animate Skeleton      Necr           N/A          19%         1    N/A
d - Mephitic Cloud        Conj/Pois/Air  ###.....     10%         3    N/A
e - Conjure Flame         Conj/Fire      ##......     11%         3    N/A
g - Apportation           Tloc           ###...       1%          1    N/A

Dungeon Overview and Level Annotations

Branches:
Dungeon (10/15)            Temple (0/1) D:6            Lair (6/6) D:8
  Swamp (0/4) Lair:3        Snake (0/4) Lair:4        Slime (0/5) Lair:5
    Orc: D:9-12

Altars:
Elyvilon
Gozag
Kikubaaqudgha
Okawaru
Qazlal
Ru
Sif Muna
Trog
Vehumet
Wu Jian
Xom
The Shining One
Jiyva

Shops:
D:7 ?   D:9 !   D:10 [

Annotations:
D:9 exclusion: ice statue
D:10 2 runed doors, Joseph, Urug


Innate Abilities, Weirdness & Mutations

You do not eat or drink.
Your flesh is vulnerable to fire.
You are immune to poison.
Your flesh is cold resistant. (rC+)
You are immune to negative energy. (rN+++)
You are immune to unholy pain and torment.
You can survive without breathing.


Message History

Welcome back, Lavandula the Mummy Chaos Knight.
Xom snickers.
Press ? for a list of commands and other information.
Okay, then.
Unknown command.
Press: ? - help, v - describe, . - travel
Here: a lindwurm (severely wounded, confused)
The floor.
The blink frog blinks!
The blink frog completely misses you. The lindwurm barely misses you.
The lindwurm claws you.
* * * LOW HITPOINT WARNING * * *
The lindwurm misses you.
The blink frog hits you but does no damage.
There is a stone staircase leading up here.
The lindwurm seems less confused.
The blink frog blinks!
The lindwurm breathes flames at you. The blast of flame hits you!
The fire burns you terribly!
Xom roars with laughter!
You die...
Xom giggles madly!

......#..#........
#........##..PP#
P........##..###
#P...........#####
#PPP.#P....#.##..#
#P..P.....§.....##
###.PP#..#...#.#.##
#####..#..##.##.###.#.
#........F@........
##....#..k#P...#P#.
#.#.#...####P##
#.......)# ##
#.##..P#..# ##
########


You could see a lindwurm and a blink frog.

Vanquished Creatures
  A spark wasp (Lair:1)
  The ghost of Charly the Severer, a journeyman MiBe of Trog (Lair:4)
  Fannar (Lair:2)
  A hydra (Lair:5)
  Erica (D:9)
  Nergalle (Lair:1)
  A manticore (Lair:6)
  A guardian serpent (Lair:4)
  An elephant (Lair:6)
  7 spiny frogs
  A black mamba (D:10)
  6 komodo dragons
  2 rime drakes (Lair:6)
  2 polar bears
  A troll (D:9)
  2 hornets (Lair:6)
  A wind drake (Lair:5)
  A blink frog (Lair:5)
  3 hippogriffs
  4 wyverns
  A hungry ghost (D:7)
  28 yaks
  A basilisk (Lair:2)
  5 vampire mosquitoes (Lair:5)
  9 water moccasins
  A hell hound (D:8)
  6 porcupines
  A sky beast (D:6)
  2 ice beasts
  2 orc warriors
  2 phantoms
  An ogre (D:7)
  3 wolves (Lair:2)
  6 centaurs
  7 crocodiles
  5 bullfrogs
  A wyvern zombie (D:8)
  A big kobold (D:9)
  Dowan (D:7)
  A water moccasin skeleton (D:8)
  10 killer bees
  An electric eel (Lair:4)
  4 crimson imps
  A centaur zombie (D:10)
  3 jellies
  2 orc priests
  A centaur skeleton (D:8)
  2 hounds
  Ijyb (D:5)
  2 iguanas
  Natasha (thrice) (D:3)
  16 orc wizards
  9 worker ants
  A hound skeleton (D:9)
  8 adders
  4 shadow imps
  An ooze (D:4)
  An adder zombie (D:9)
  2 adder skeletons
  4 worms
  2 dart slugs (D:1)
  2 leopard geckos
  25 orcs
  A ball python (D:4)
  4 giant cockroaches
  4 goblins
  6 hobgoblins
  8 jackals
  13 kobolds
  4 quokkas
  4 bats
  A frilled lizard (D:2)
  A jackal skeleton (D:7)
  A leopard gecko skeleton (D:4)
  A quokka zombie (D:9)
  11 rats
  A plant (Lair:4)
288 creatures vanquished.

Vanquished Creatures (collateral kills)
  A two-headed ogre (D:9)
  A black mamba (Lair:6)
  An elephant (Lair:6)
  A spiny frog (Lair:5)
  2 rime drakes (Lair:6)
  2 komodo dragons
  A polar bear (Lair:6)
  A troll (D:9)
  A hippogriff (D:7)
  3 yaks (Lair:5)
  A wyvern (Lair:6)
  2 water moccasins (Lair:6)
  Duvessa (D:7)
  A porcupine (Lair:2)
  A wolf (Lair:2)
  3 ogres
  2 crocodiles
  A killer bee (D:9)
  2 orc priests (D:6)
  4 gnolls (D:2)
  An adder (D:3)
  An ooze (D:7)
  3 orcs
  A ball python (D:6)
  A goblin (D:3)
  A frilled lizard (D:3)
  A fungus (Lair:5)
41 creatures vanquished.

Vanquished Creatures (others)
  10 fungi
  20 plants
30 creatures vanquished.

Grand Total: 359 creatures vanquished

Notes
Turn   | Place    | Note
-------+----------+-------------------------------------------
     0 | D:1      | Lavandula the Mummy Chaos Knight began the quest for the Orb.
     0 | D:1      | Reached XP level 1. HP: 18/18 MP: 1/1
    30 | D:1      | XOM: harmless Pois miscast
    90 | D:1      | XOM: harmless Tloc miscast
   150 | D:1      | Reached XP level 2. HP: 24/24 MP: 2/2
   154 | D:1      | Reached skill level 3 in Short Blades
   346 | D:1      | XOM: divination: magic mapping
   411 | D:1      | XOM: chaos upgrade
   596 | D:2      | Found a white marble altar of Elyvilon.
   613 | D:2      | Reached XP level 3. HP: 27/29 MP: 3/3
   812 | D:2      | Found a glowing golden altar of the Shining One.
  1027 | D:2      | Found an ancient bone altar of Kikubaaqudgha.
  1031 | D:2      | Reached skill level 4 in Short Blades
  1041 | D:2      | Found a deep blue altar of Sif Muna.
  1043 | D:2      | Found a radiant altar of Vehumet.
  1047 | D:2      | Identified Sif Muna's Tome of Summoning
  1172 | D:2      | Reached XP level 4. HP: 33/35 MP: 4/4
  1229 | D:2      | XOM: 4-stop teleportation journey
  1329 | D:3      | XOM: blink monster(s)
  1424 | D:3      | Noticed Natasha
  1511 | D:3      | Killed Natasha
  1550 | D:3      | Noticed Natasha
  1551 | D:3      | XOM: cast spell 'Leda's Liquefaction'
  1619 | D:3      | Killed Natasha
  1619 | D:3      | Reached XP level 5. HP: 39/41 MP: 5/5
  1680 | D:3      | Found an iron altar of Okawaru.
  1692 | D:3      | XOM: divination: detect items
  1746 | D:3      | XOM: noise
  1748 | D:3      | Reached skill level 5 in Short Blades
  1770 | D:3      | Noticed an ice beast
  1772 | D:3      | XOM: summons 5 friendly demons
  1786 | D:3      | Killed an ice beast
  1790 | D:3      | Noticed Natasha
  1797 | D:3      | Killed Natasha
  1797 | D:3      | Reached XP level 6. HP: 34/47 MP: 6/6
  1831 | D:3      | XOM: scenery: 1 doors open
  1833 | D:3      | Found a faded altar of an unknown god.
  1962 | D:2      | XOM: cloud trail
  2133 | D:3      | XOM: confuse monster(s)
  2255 | D:3      | Found a sacrificial altar of Ru.
  2370 | D:3      | Reached skill level 6 in Short Blades
  2387 | D:3      | Learned a level 2 spell: Blink
  2390 | D:3      | Learned a level 2 spell: Call Imp
  2478 | D:4      | XOM: fog
  2496 | D:4      | XOM: confuse monster(s)
  2863 | D:3      | XOM: butterfly on damage
  2965 | D:2      | XOM: god gift: translucent amethyst amulet {god gift}
  2966 | D:2      | Got a translucent amethyst amulet {god gift}
  3016 | D:2      | Identified the amulet "Unnuxau" {RegenMP rPois rC+ Str+2 Dex+2} (Xom gifted it to you on level 2 of the Dungeon)
  3297 | D:3      | Reached skill level 1 in Summonings
  3367 | D:4      | XOM: enchant monster (good)
  3555 | D:4      | Reached XP level 7. HP: 38/52 MP: 1/7
  3668 | D:4      | XOM: noise
  3969 | D:4      | Found a shimmering altar of Xom.
  3977 | D:4      | Found an ornate altar of the Wu Jian Council.
  3977 | D:4      | Found a bloodstained altar of Trog.
  3980 | D:4      | Found a stormy altar of Qazlal.
  3987 | D:4      | Got an ancient helmet
  3993 | D:4      | Identified the +1 helmet "Jiwumpil" {MR+} (You found it on level 4 of the Dungeon)
  4035 | D:4      | XOM: mild Erth miscast
  4065 | D:5      | Entered Level 5 of the Dungeon
  4076 | D:4      | Reached skill level 1 in Spellcasting
  4353 | D:5      | XOM: medium Hex miscast
  4379 | D:5      | Noticed Ijyb
  4420 | D:5      | Killed Ijyb
  4451 | D:5      | XOM: scenery: create altars
  4592 | D:5      | XOM: noise
  4601 | D:5      | XOM: god gift: 17 gold pieces
  4777 | D:6      | Found a bloodstained altar of Trog.
  4787 | D:6      | Found a staircase to the Ecumenical Temple.
  4896 | D:6      | Found an opulent altar of Gozag.
  5089 | D:6      | Reached skill level 7 in Short Blades
  5089 | D:6      | Reached XP level 8. HP: 58/58 MP: 11/11
  5099 | D:6      | Reached skill level 1 in Dodging
  5532 | D:7      | Noticed Duvessa
  5532 | D:7      | Noticed Dowan
  5595 | D:7      | XOM: divination: magic mapping
  5701 | D:7      | Noticed a hippogriff
  5718 | D:7      | Killed a hippogriff
  5854 | D:6      | XOM: mild Necr miscast
  5915 | D:6      | XOM is BORED!
  5915 | D:6      | XOM: medium Ice miscast
  5915 | D:6      | XOM: smoke on damage
  5992 | D:7      | Learned a level 1 spell: Animate Skeleton
  5994 | D:7      | Learned a level 1 spell: Apportation
  5998 | D:7      | Learned a level 3 spell: Mephitic Cloud
  6052 | D:7      | XOM: scenery: 1 doors open
  6087 | D:7      | Reached skill level 8 in Short Blades
  6152 | D:7      | Found Fifogiar's Magic Scroll Boutique.
  6172 | D:7      | Bought a scroll of remove curse for 45 gold pieces
  6172 | D:7      | Bought a scroll of silence for 112 gold pieces
  6172 | D:7      | XOM: summons friendly shadow imp
  6362 | D:7      | Reached XP level 9. HP: 42/63 MP: 12/12
  6684 | D:7      | Killed Duvessa
  6701 | D:7      | Killed Dowan
  6701 | D:7      | Reached skill level 9 in Short Blades
  6738 | D:7      | XOM: summons friendly crimson imp
  6885 | D:8      | XOM: cloud trail
  7225 | D:8      | Reached skill level 5 in Fighting
  7349 | D:8      | XOM: scenery: create altars
  7581 | D:8      | Reached skill level 1 in Conjurations
  7581 | D:8      | Reached skill level 1 in Air Magic
  7581 | D:8      | Reached skill level 1 in Poison Magic
  7706 | D:8      | Found a staircase to the Lair.
  7722 | D:8      | XOM: harmless Fire miscast
  7730 | D:8      | XOM: god gift: wand of disintegration (15)
  7766 | D:8      | XOM: summons 4 hostile demons
  7900 | D:9      | Found Ymiox's Distillery.
  8094 | D:9      | XOM: 2-stop teleportation journey
  8096 | D:9      | Noticed Erica
  8105 | D:9      | Noticed an ice statue
  8105 | D:9      | XOM: potion effect (brilliance)
  8119 | D:9      | XOM: butterfly on damage
  8140 | D:9      | Killed Erica
  8143 | D:9      | Reached XP level 10. HP: 47/74 MP: 11/13
  8154 | D:9      | XOM: harmless Air miscast
  8172 | D:9      | XOM: cloud trail
  8207 | D:9      | XOM: harmless Tmut miscast
  8339 | D:9      | XOM: cleaving
  8383 | D:9      | Noticed a two-headed ogre
  8391 | D:9      | XOM: cleaving
  8409 | D:9      | XOM: divination: detect creatures
  8439 | D:9      | XOM: harmless Summ miscast
  8666 | D:9      | XOM: summons 5 friendly demons
  8682 | D:9      | Killed a two-headed ogre
  8732 | D:9      | XOM: divination: magic mapping
  8756 | D:9      | XOM: cast spell 'Summon Mana Viper'
  9076 | D:10     | Entered Level 10 of the Dungeon
  9103 | D:10     | Noticed Joseph
  9106 | D:10     | XOM: enchant monster (bad)
  9205 | D:10     | Reached skill level 1 in Translocations
  9237 | D:10     | Noticed an ice dragon
  9240 | D:10     | Found a runed door.
  9241 | D:10     | Found the +2 shield of Resistance {rF+ rC+ MR+}
  9241 | D:10     | Noticed a fire dragon
  9243 | D:10     | Found Qiublatt's Armour Emporium.
  9243 | D:10     | Noticed a fire dragon
  9246 | D:10     | Noticed an ice dragon
  9401 | D:10     | XOM: mild Tloc miscast
  9629 | D:10     | Noticed a black mamba
  9629 | D:10     | XOM: polymorph something unseen -> black mamba
  9636 | D:10     | Killed a black mamba
  9887 | D:10     | XOM: chaos cloud
  9890 | D:10     | Noticed Joseph
  9890 | D:10     | Joseph changed into Joseph the golden eye
  9890 | D:10     | XOM: polymorph Joseph -> Joseph the golden eye
  9892 | D:10     | Noticed Urug
  9894 | D:10     | XOM: noise
  9901 | D:10     | XOM: harmless Chrm miscast
  9905 | D:10     | XOM: confuse monster(s)
  9917 | D:10     | XOM: divination: magic mapping
 10073 | D:10     | Found a runed door.
 10073 | D:10     | XOM: 1-stop teleportation journey
 10185 | D:10     | XOM: 1-stop teleportation journey
 10336 | D:8      | XOM: butterfly on damage
 10477 | Lair:1   | Entered Level 1 of the Lair of Beasts
 10499 | D:8      | XOM: god gift: ration
 10520 | Lair:1   | XOM: confuse monster(s)
 10541 | Lair:1   | Noticed Nergalle
 10556 | Lair:1   | Killed Nergalle
 10556 | Lair:1   | Reached skill level 5 in Translocations
 10638 | Lair:1   | XOM: destruction
 10665 | Lair:1   | Reached skill level 1 in Evocations
 10673 | Lair:1   | Noticed a five-headed hydra
 10676 | Lair:1   | XOM: destruction
 10679 | Lair:1   | XOM: scenery: create altars
 10708 | Lair:1   | XOM: snakes to sticks
 10709 | Lair:1   | Reached XP level 11. HP: 47/79 MP: 10/14
 10712 | Lair:1   | Noticed a spark wasp
 10712 | Lair:1   | a five-headed hydra changed into a spark wasp
 10712 | Lair:1   | XOM: polymorph five-headed hydra -> spark wasp
 10713 | Lair:1   | Killed a spark wasp
 10728 | Lair:1   | XOM: 1-stop teleportation journey
 10800 | Lair:2   | XOM: harmless Air miscast
 11028 | Lair:2   | XOM: confusion
 11041 | Lair:2   | Reached skill level 1 in Shields
 11072 | Lair:2   | XOM: harmless Pois miscast
 11075 | Lair:2   | XOM: chaos cloud
 11077 | Lair:2   | XOM: repel stairs
 11298 | Lair:2   | Noticed Fannar
 11298 | Lair:2   | XOM: 1-stop teleportation journey
 11338 | Lair:2   | XOM: confusion (+ monsters)
 11605 | Lair:2   | Killed Fannar
 11659 | Lair:2   | XOM: chaos cloud
 11660 | Lair:2   | XOM: summons friendly shadow imp
 11995 | Lair:3   | Reached skill level 5 in Shields
 12227 | Lair:3   | XOM: god gift: 35 gold pieces
 12300 | Lair:3   | XOM: summons 2 friendly demons
 12420 | Lair:3   | XOM: confusion (+ monsters)
 12666 | Lair:3   | Found a staircase to the Swamp.
 12896 | Lair:3   | XOM: scenery: create altars
 12897 | Lair:4   | Noticed Charly's ghost (journeyman MiBe)
 12949 | Lair:4   | XOM: smoke on damage
 13043 | Lair:4   | XOM: destruction
 13045 | Lair:4   | XOM: snakes to sticks
 13046 | Lair:4   | XOM: god gift: arbalest {god gift}
 13049 | Lair:4   | XOM: confuse monster(s)
 13139 | Lair:4   | Found a staircase to the Snake Pit.
 13139 | Lair:4   | XOM: 5-stop teleportation journey
 13155 | Lair:4   | XOM: silly message
 13175 | Lair:4   | Reached skill level 5 in Dodging
 13376 | Lair:4   | Reached XP level 12. HP: 86/86 MP: 12/15
 13408 | Lair:4   | Killed Charly's ghost
 13587 | Lair:4   | XOM: confuse monster(s)
 14386 | Lair:5   | XOM: cast spell 'Leda's Liquefaction'
 14425 | Lair:4   | XOM: cast spell 'Olgreb's Toxic Radiance'
 14730 | Lair:5   | XOM: potion effect (agility)
 14744 | Lair:5   | XOM: fog
 14754 | Lair:5   | XOM: summons 12 friendly demons
 14840 | Lair:5   | XOM: divine lightning
 14842 | Lair:5   | Noticed a four-headed hydra
 14854 | Lair:5   | Killed a four-headed hydra
 14856 | Lair:5   | Found a viscous altar of Jiyva.
 14856 | Lair:5   | Found a staircase to the Slime Pits.
 14909 | Lair:5   | Learned a level 3 spell: Conjure Flame
 15008 | Lair:5   | Reached skill level 1 in Fire Magic
 15104 | Lair:5   | XOM: summons friendly crimson imp
 15373 | Lair:5   | XOM: scenery: 1 doors open
 15456 | Lair:6   | Entered Level 6 of the Lair of Beasts
 15807 | Lair:6   | XOM: summons friendly shadow imp
 15928 | Lair:5   | XOM: divination: detect creatures
 15933 | Lair:5   | XOM: harmless Tmut miscast
 16445 | Lair:6   | XOM: cloud trail
 16459 | Lair:6   | Reached skill level 5 in Spellcasting
 16463 | Lair:6   | XOM: noise
 16557 | Lair:6   | XOM: medium Pois miscast
 16675 | Lair:6   | XOM: summons 1 hostile demon
 16679 | Lair:6   | Reached skill level 1 in Stealth
 16682 | Lair:6   | XOM: 2-stop teleportation journey
 16692 | Lair:6   | Upgraded the game from 0.21-a0-621-gc60411f to 0.21-a0-625-g1119ec1
 16696 | Lair:6   | Killed from afar by a lindwurm

Vault maps used:
D:1:      lemuel_arrival_behind_the_door_large, serial_bayou_lake_a
D:2:      grunt_temple_overflow_magic_moments, tso_metal_star,
          overflow_temple_1_default, serial_aquarium, aquarium_bridge_straight,
          aquarium_window_1, aquarium_window_fake, aquarium_window_fake,
          aquarium_window_1, aquarium_view_2d, aquarium_balcony_3b,
          aquarium_pool_1
D:3:      nicolae_ru_great_annihilating_truth, nicolae_overflow_crystal_walls,
          chequers_ecumenical_altar_simple_redux, grunt_decor_one_mirror,
          serial_bayou_pond_a, uniq_natasha
D:4:      grunt_temple_overflow_open, first_ration
D:5:      uniq_ijyb
D:6:      kennysheep_mini_moat, minmay_temple_entry_crystal_x, basic_altar,
          kennysheep_boxes
D:7:      serial_shops, shop, grunt_ogre_cave,
          hangedman_abyss_or_decor_lesser_grid, uniq_duvessa
D:8:      minmay_lair_entry_lava
D:9:      serial_shops, shop, minivault_16, minmay_misc_feat_room, uniq_erica
D:10:     serial_shops, shop, minmay_guarded_unrand_resistance, uniq_joseph,
          uniq_harold, uniq_urug
Lair:1:   minmay_lair_oklob_bushes, beast_lair_carwin_1, uniq_nergalle
Lair:2:   serial_forest, infiniplex_forest_zigzag_2,
          infiniplex_forest_clump_curved, infiniplex_forest_pool,
          infiniplex_forest_clump_diagonal, infiniplex_forest_clump_diagonal,
          infiniplex_forest_lined_3, infiniplex_forest_fountain,
          infiniplex_forest_straight_3, uniq_fannar
Lair:3:   minmay_swamp_entry_reptiles, lemuel_fruit_fields
Lair:4:   minmay_snake_entry_spellcaster, serial_bayou_shore_b,
          serial_bayou_shore_a
Lair:5:   slime_altar_1, pond, lemuel_fruit_tree, grunt_megastairs_2
Lair:6:   gammafunk_lair_ancient_temple

Skill      XL: |  1  2  3  4  5  6  7  8  9 10 11 12 |
---------------+-------------------------------------+-----
Short Blades   | 3 4 5 6 7 8 9 |  9.0
Summonings     | 2 3 |  3.4
Spellcasting   | 2 7 |  7.0
Dodging        | 3 5 7 |  7.3
Fighting       | 5 |  5.0
Conjurations   | 3 4 |  4.9
Air Magic      | 3 4 |  4.1
Poison Magic   | 2 3 |  3.3
Translocations | 5 |  5.6
Evocations     | 2 4 |  4.6
Shields        | 6 |  6.0
Fire Magic     | 3 |  3.0
Stealth        | 1 |  1.2
Armour         | |  1.5

Action                   |  1- 3 |  4- 6 |  7- 9 | 10-12 || total
-------------------------+-------+-------+-------+-------++-------
Melee: Short sword       |    93 |   154 |    42 |       ||   289
       Dagger            |       |       |   270 |   694 ||   964
Throw: Tomahawk          |       |       |       |     4 ||     4
 Cast: Call Imp          |       |     7 |    42 |    29 ||    78
       Mephitic Cloud    |       |       |     3 |    73 ||    76
       Blink             |       |       |       |    19 ||    19
       Animate Skeleton  |       |       |       |     8 ||     8
Evoke: Wand              |       |       |       |    10 ||    10
  Use: Scroll            |       |     7 |     8 |     8 ||    23
 Stab: Paralysed         |     3 |     2 |     1 |     1 ||     7
       Sleeping          |       |     1 |     4 |     1 ||     6
       Distracted        |       |       |     1 |     1 ||     2
       Confused          |       |       |     1 |    42 ||    43
Armor: Leather armour    |    27 |    33 |    89 |   119 ||   268
Dodge: Dodged            |    47 |    54 |   146 |   268 ||   515
Block: Buckler           |       |       |       |    56 ||    56

Table legend:
 A = Spawn XP
 B = Non-spawn XP
 C = Spawn XP percentage of total XP
 D = Spawn monster count
 E = Non-spawn monster count
 F = Spawn count percentage of total count
 G = Total turns spent on level
                    A         B        C        D         E        F      G
               +---------+---------+-------+---------+---------+-------+---------
         Total |       0 |   35420 |   0.0 |       0 |     327 |   0.0 | 16696
               +---------+---------+-------+---------+---------+-------+---------
           D:1 |       0 |      35 |   0.0 |       0 |      19 |   0.0 |   596
           D:2 |       0 |      97 |   0.0 |       0 |      27 |   0.0 |  1329
           D:3 |       0 |     506 |   0.0 |       0 |      25 |   0.0 |  1435
           D:4 |       0 |     326 |   0.0 |       0 |      23 |   0.0 |   794
           D:5 |       0 |      77 |   0.0 |       0 |       5 |   0.0 |   530
           D:6 |       0 |     486 |   0.0 |       0 |      15 |   0.0 |  1228
           D:7 |       0 |    1673 |   0.0 |       0 |      26 |   0.0 |   887
           D:8 |       0 |    1494 |   0.0 |       0 |      22 |   0.0 |  1304
           D:9 |       0 |    2989 |   0.0 |       0 |      37 |   0.0 |  1245
          D:10 |       0 |    1183 |   0.0 |       0 |      15 |   0.0 |  1160
        Lair:1 |       0 |    4342 |   0.0 |       0 |      15 |   0.0 |   238
        Lair:2 |       0 |    3697 |   0.0 |       0 |      18 |   0.0 |  1229
        Lair:3 |       0 |    2558 |   0.0 |       0 |      14 |   0.0 |   966
        Lair:4 |       0 |    4674 |   0.0 |       0 |      16 |   0.0 |  1613
        Lair:5 |       0 |    5174 |   0.0 |       0 |      26 |   0.0 |  1591
        Lair:6 |       0 |    6109 |   0.0 |       0 |      24 |   0.0 |   551
               +---------+---------+-------+---------+---------+-------+---------
